 Dungeon Crawl Stone Soup version 0.28-a0-1510-gd0f6b136d3 (webtiles) character file.

Game seed: 9545733948953314983

63 hashsling the Gusty (level 4, -1/24 HPs)
             Began as a Tengu Wanderer on Jan 15, 2022.
             Succumbed to a scorpion's poison
             ... on level 4 of the Dungeon.
             The game lasted 00:10:45 (2807 turns).

hashsling the Gusty (Tengu Wanderer)                Turns: 2807, Time: 00:10:45

Health: -1/24      AC:  5    Str:  9    XL:     4   Next: 10%
Magic:  7/7        EV: 14    Int: 18    God:
Gold:   126        SH:  0    Dex: 13    Spells: 2/6 levels left

rFire   . . .      SeeInvis .   p - +3 short sword
rCold   + . .      Faith    .   (no shield)
rNeg    + . .      Spirit   .   b - +1 leather armour {rC+}
rPois   .          Reflect  .   (helmet restricted)
rElec   .          Harm     .   (no cloak)
rCorr   .          Rampage  .   o - +0 pair of gloves
Will    .....                   (boots unavailable)
Stlth   +.........              (no amulet)
HPRegen 0.08/turn               i - +4 ring of evasion
MPRegen 0.10/turn               q - ring of positive energy

@: lethally poisoned (-1 -> -26), sluggish, very slow
A: beak, talons 3
a: no special abilities


You were on level 4 of the Dungeon.
You visited 1 branch of the dungeon, and saw 4 of its levels.

You collected 126 gold pieces.

Inventory:

Hand Weapons
 h - a +0 quarterstaff
 p - a +3 short sword (weapon)
Missiles
 s - 6 poisoned darts
 t - 5 boomerangs
Armour
 b - a +1 leather armour of cold resistance (worn)
 e - a +0 robe
 o - a +0 pair of gloves (worn)
Jewellery
 i - a +4 ring of evasion (left hand)
 q - a ring of positive energy (right hand)
Scrolls
 d - a scroll of immolation {unknown}
 f - a scroll of magic mapping {unknown}
 m - a scroll of fear {unknown}
 n - a scroll of fog {unknown}
Potions
 a - 2 potions of curing {unknown}
 g - a potion of heal wounds {unknown}
 j - a potion of haste {unknown}
 k - a potion of mutation {unknown}
 l - 2 potions of magic {unknown}
 r - a potion of brilliance {unknown}
Miscellaneous
 c - a piece from Xom's chessboard (15/15)


   Skills:
 + Level 0.0 Fighting
 + Level 0.9 Staves
 + Level 1.5 Spellcasting
 - Level 4.0 Conjurations
 * Level 6.2 Air Magic
 - Level 3.0 Evocations


You had 2 spell levels left.
You knew the following spells:

 Your Spells              Type           Power      Damage    Failure   Level
a - Shock                 Conj/Air       76%        1d7       3%          1
b - Swiftness             Air            23%        N/A       6%          3

Your spell library contained the following spells:

 Spells                   Type           Power      Damage    Failure   Level
 Mephitic Cloud           Conj/Pois/Air  13%        N/A       21%         3


Dungeon Overview and Level Annotations

Branches:
Dungeon (3/15)

Altars:

Shops:
D:1 [   D:4 *


Innate Abilities, Weirdness & Mutations

You have a beak for a mouth.
You have claws for feet.


Message History

The zap hits the endoplasm.
You kill the endoplasm!
You see here 5 boomerangs.
t - 5 boomerangs Magic restored.
Found a scale mail.
You now have 126 gold pieces (gained 13).
You see here a +0 scale mail.
As you open the door, it creaks loudly!
A water moccasin, an adder and a ball python come into view.
The ball python hisses angrily.
The water moccasin hisses angrily.
Found Pipeeb's Serpentskin Sales.
Casting: Shock (safe; 3% risk of failure)
Confirm with . or Enter, or press ? or * to list all spells.
The spell is quite dangerous to miscast (6% risk of failure)!
Continue anyway?
You feel quick.
The water moccasin bites you but does no damage. x2
You see here a +0 scale mail.
A hound skeleton comes into view.
You start to feel a little slower.
The hound skeleton misses you.
The hound skeleton bites you but does no damage.
The hound skeleton misses you.
A scorpion comes into view.
Found a ring mail.
You feel sluggish.
Found 6 gold pieces.
A giant cockroach comes into view.
The water moccasin bites you but does no damage.
The water moccasin bites you. The water moccasin bites you.
You are lethally poisoned!
The water moccasin poisons you!
You feel very sick.
The water moccasin bites you but does no damage.
The scorpion stings you.
* * * LOW HITPOINT WARNING * * *
You are more poisoned.
The scorpion poisons you!
You die...

#........# ###
#.....#### ..
#.....####
#.###.S...s..#
..###S###...#
#.# #.# ...#
#.###.# ...#
###.S##Z###...#
+.@.S.SB......+
####s.#.###...#
##+#[# .# ...
...# $.B# .....
...


You could see a water moccasin, a scorpion, an adder, a giant cockroach, a ball
python and a hound skeleton.

Vanquished Creatures
  An adder (D:2)
  A worm (D:3)
  3 orcs (D:3)
  6 bats
  6 endoplasms
  4 giant cockroaches
  3 goblins
  7 hobgoblins
  A quokka (D:3)
  2 ball pythons (D:2)
  6 frilled lizards
  2 kobolds
  3 rats
45 creatures vanquished.

Notes
Turn   | Place    | Note
-------+----------+-------------------------------------------
     0 | D:1      | hashsling the Tengu Wanderer began the quest for the Orb.
     0 | D:1      | hashsling set off with the following items: a +0 dagger, a
                  | +0 robe, a piece from Xom's chessboard (15/15); and the
                  | following spells available to memorise: Shock, Swiftness,
                  | Mephitic Cloud
     0 | D:1      | Reached XP level 1. HP: 10/10 MP: 3/3
     2 | D:1      | Learned a level 1 spell: Shock
    81 | D:1      | Found Woejifoc's Antique Armour Boutique.
   163 | D:1      | Reached XP level 2. HP: 11/15 MP: 1/4
  1202 | D:2      | Reached XP level 3. HP: 19/19 MP: 4/6
  1665 | D:2      | Reached skill level 6 in Air Magic
  1965 | D:3      | Learned a level 3 spell: Swiftness
  2333 | D:3      | Reached XP level 4. HP: 24/24 MP: 2/7
  2541 | D:3      | Found a faded altar of an unknown god.
  2712 | D:3      | You fall into a shaft and drop 1 floor!
  2772 | D:4      | Found Pipeeb's Serpentskin Sales.
  2772 | D:4      | Noticed a water moccasin
  2796 | D:4      | Noticed a scorpion
  2807 | D:4      | Succumbed to a scorpion's poison

Illustrated notes

Levels and vault maps discovered:
D:1:      minmay_arrival_floating_metal, layout_basic, serial_shops,
          nicolae_diamond_shop
D:2:      layout_loops_cross
D:3:      layout_loops_corners, nicolae_ecumenical_lake_church
D:4:      layout_basic, slow_altar_1, minmay_temple_entry_proselytizer,
          guppyfry_shop_venom, uniq_menkaure, uniq_crazy_yiuf_cottage

Skill      XL: |  1  2  3  4 |
---------------+-------------+-----
Conjurations   | 3 4 |  4.0
Air Magic      | 6 |  6.2
Staves         | |  0.9
Spellcasting   | |  1.5
Evocations     | |  3.0

Action                   |  1- 3 |  4- 6 || total
-------------------------+-------+-------++-------
Melee: Dagger            |     5 |       ||     5
       Kick              |     1 |     1 ||     2
       Quarterstaff      |     5 |       ||     5
       Peck              |     2 |     1 ||     3
       Short sword       |     4 |     1 ||     5
 Cast: Shock             |    63 |    11 ||    74
       Swiftness         |       |     1 ||     1
Evoke: Piece from Xom's  |     1 |       ||     1
Armor: Leather armour    |     3 |     5 ||     8
       Robe              |     1 |       ||     1
Dodge: Dodged            |    12 |     2 ||    14

Table legend: (Time is in decaauts)
 A = Elapsed time spent in this place.
 B = Non-inter-level travel time spent in this place.
 C = Inter-level travel time spent in this place.
 D = Time resting spent in this place.
 E = Time spent auto-exploring this place.
 F = Levels seen in this place.
 G = Mean time per level.
                   A        B        C        D        E       F      G
               +--------+--------+--------+--------+--------+-----+--------+
         Total |   2829 |   2763 |     66 |      0 |   2356 |   4 |  707.2 |
       Dungeon |   2829 |   2763 |     66 |      0 |   2356 |   4 |  707.2 |
               +--------+--------+--------+--------+--------+-----+--------+

Top non-repeatable levels by time:
     D:1: 1162 daAuts
     D:3: 862 daAuts
     D:2: 712 daAuts
     D:4: 91 daAuts
